 Dungeon Crawl Stone Soup version 0.21-a0-142-gdd972a7 (webtiles) character file.

112 Dominolapin the Skirmisher (level 4, -5/46 HPs)
             Began as a Centaur Monk on July 23, 2017.
             Slain by a gnoll
             ... wielding a +0 flail
              (9 damage)
             ... on level 2 of the Dungeon.
             The game lasted 00:02:35 (1719 turns).

Dominolapin the Skirmisher (Centaur Monk)           Turns: 1719, Time: 00:02:36

Health: -5/46      AC:  4    Str: 13 (15) XL:     4   Next: 63%
Magic:  4/4        EV: 10    Int: 14      God:
Gold:   71         SH:  0    Dex: 10 (13) Spells: 3/3 levels left

rFire    . . .     SeeInvis .   a - +0 falchion
rCold    . . .     Gourm    .   (no shield)
rNeg     . . .     Faith    .   b - +0 robe
rPois    .         Spirit   .   (no helmet)
rElec    .         Reflect  .   (no cloak)
rCorr    .         Harm     .   (no gloves)
MR       .....                  (no barding)
Stlth    +.........             (no amulet)
HPRegen  0.55/turn              (no ring)
MPRegen  0.09/turn              (no ring)

@: brilliant, very quick
A: hooves 3, deformed body, speed 2, high mp 1, regeneration 1, robust 1, strong
1, tough skin 3
a: no special abilities


You were on level 2 of the Dungeon.
You were not hungry.

You visited 1 branch of the dungeon, and saw 3 of its levels.

You collected 71 gold pieces.


Innate Abilities, Weirdness & Mutations

You have hooves in place of feet.
Armour fits poorly on your strangely shaped body.
You cover ground very quickly.
You have extremely tough skin. (AC +3)
You have an increased reservoir of magic. (+10% MP)
Your natural rate of healing is unusually fast.
You are robust. (+10% HP)
Your muscles are strong. (Str +2)


   Skills:
 + Level 5.4 Fighting
 - Level 2.6 Long Blades
 - Level 2.1 Dodging
 - Level 1.1 Stealth


You had 3 spell levels left.
You didn't know any spells.

Inventory:

Hand Weapons
 a - a +0 falchion (weapon)
Armour
 b - a +0 robe (worn)
 h - a +0 pair of gloves
Scrolls
 d - a scroll of identify {unknown}
 e - a scroll of enchant armour {unknown}
 g - a scroll of remove curse {unknown}
 i - 2 scrolls of teleportation {@r4}
 k - a scroll of fear {unknown}
 p - a scroll of immolation {unknown}
Potions
 j - a potion of heal wounds {unknown}
 l - a potion of flight {unknown}
 m - 2 potions of mutation {!q}
 o - a potion of invisibility {unknown}
 q - a potion of brilliance
Comestibles
 c - a bread ration {@e1}
 n - 3 fruits {@e2}

Dungeon Overview and Level Annotations

Branches:
Dungeon (3/15)

Altars:

##.######.##.#.
##################### #.##...
#...................#####.##...
#.##....###.##............##...
#.##.#### #.##.####.########.#.
#.##.# #.##.# #.# #.## #.##.#
#.##g# #.# #.## #.##.# #.##g#
#.# #... #.##.# #.##@# ##.##
#### #.##.# #.##g###...## #
#.##.## #.##........# #
#.#...#####.######....# #
#...#..(....## ##.#.# ####
###...##.....######.#.# #...
##.###..............# #.## #.#
#.....######.### #.## #.#
##)..## #.# #.##


You could see 3 gnolls.


Message History

The kobold closely misses you.
You riposte.
You hit the kobold.
The kobold is severely wounded.
The gnoll closely misses you. The kobold hits you but does no damage.
You hit the kobold.
You kill the kobold!
The gnoll hits you with a flail!
* * * LOW HITPOINT WARNING * * *
You hit the gnoll but do no damage. You kick the gnoll, but do no damage.
The gnoll hits you with a flail.
* * * LOW HITPOINT WARNING * * *
The gnoll hits you with a club.
* * * LOW HITPOINT WARNING * * *
You closely miss the gnoll. You kick the gnoll!
The gnoll is severely wounded.
The gnoll hits you with a club.
* * * LOW HITPOINT WARNING * * *
The gnoll hits you with a flail.
* * * LOW HITPOINT WARNING * * *
You closely miss the gnoll. Your kick misses the gnoll.
The gnoll is severely wounded.
The gnoll closely misses you.
You riposte.
You completely miss the gnoll.
The gnoll is severely wounded.
The gnoll hits you with a flail.
* * * LOW HITPOINT WARNING * * *
It was a potion of brilliance.
You feel clever all of a sudden. The gnoll hits you with a club.
* * * LOW HITPOINT WARNING * * *
The gnoll hits you with a flail!
You die...

Skill      XL: |  1  2  3  4 |
---------------+-------------+-----
Fighting       | 4 5 |  5.4
Long Blades    | |  2.6
Dodging        | |  2.1
Stealth        | |  1.1

Action                   |  1- 3 |  4- 6 || total
-------------------------+-------+-------++-------
Melee: Falchion          |   124 |    43 ||   167
       Kick              |    22 |    11 ||    33
       Headbutt          |     1 |       ||     1
  Use: Potion            |     4 |     1 ||     5
       Scroll            |     1 |       ||     1
  Eat: Chunk             |       |     2 ||     2
Armor: Robe              |    81 |     7 ||    88
Dodge: Dodged            |   102 |    26 ||   128
       Rpst.: Falchion   |    33 |    10 ||    43

Vault maps used:
D:1:      grunt_arrival_crossed_arrows, st_stairs_5
D:2:      kennysheep_generic_room_8
D:3:      minmay_vboxes

Notes
Turn   | Place    | Note
-------+----------+-------------------------------------------
     0 | D:1      | Dominolapin the Centaur Monk began the quest for the Orb.
     0 | D:1      | Reached XP level 1. HP: 19/19 MP: 1/1
   138 | D:1      | Reached XP level 2. HP: 23/26 MP: 2/2
   197 | D:1      | Gained mutation: You have a pair of small horns on your head. [potion of mutation]
   197 | D:1      | Gained mutation: Your body sometimes deteriorates upon taking damage. [potion of mutation]
   197 | D:1      | Gained mutation: You are partially covered in slimy green scales. (AC +2) [potion of mutation]
   444 | D:1      | Lost mutation: You have a pair of small horns on your head. [potion of mutation]
   444 | D:1      | Gained mutation: You are weak. (Str -2) [potion of mutation]
   444 | D:1      | Gained mutation: You are partially covered in molten scales. (AC +2) [potion of mutation]
   571 | D:1      | Reached skill level 4 in Fighting
   667 | D:1      | Reached XP level 3. HP: 27/33 MP: 3/3
   675 | D:1      | Lost mutation: You are weak. (Str -2) [potion of mutation]
   675 | D:1      | Lost mutation: Your body sometimes deteriorates upon taking damage. [potion of mutation]
   675 | D:1      | Lost mutation: You are partially covered in molten scales. (AC +2) [potion of mutation]
   675 | D:1      | Lost mutation: You are partially covered in slimy green scales. (AC +2) [potion of mutation]
   675 | D:1      | Gained mutation: Your muscles are strong. (Str +2) [potion of mutation]
   675 | D:1      | Gained mutation: You are robust. (+10% HP) [potion of mutation]
   675 | D:1      | Gained mutation: Your natural rate of healing is unusually fast. [potion of mutation]
   675 | D:1      | Gained mutation: You have an increased reservoir of magic. (+10% MP) [potion of mutation]
  1063 | D:2      | Reached XP level 4. HP: 35/45 MP: 4/4
  1067 | D:2      | Reached skill level 5 in Fighting
  1719 | D:2      | HP: 4/46 [gnoll/club (1)]
  1719 | D:2      | Slain by a gnoll

Vanquished Creatures
  3 gnolls (D:2)
  An adder (D:2)
  An ooze (D:1)
  3 worms (D:2)
  2 dart slugs
  4 leopard geckos
  6 bats
  2 giant cockroaches (D:1)
  9 goblins
  2 hobgoblins (D:1)
  4 jackals (D:1)
  6 kobolds
  4 frilled lizards
  6 rats
53 creatures vanquished.
